Map: Acropolis LE

Players

Mez

  • Race: Terran Terran
  • League: Master
  • Spawn Location: 5:00

A.I. 1 (Very Easy) - Winner!

  • Race: Zerg Zerg
  • Spawn Location: 11:00

VOD

Have the link to the VOD?

Description

Time

  • Played on: Aug. 29, 2019, 10:07 p.m.
  • Length: 11:39
Show
View Real Time Build Order
Export as new Build Order

Mez Terran 

Build Orders:  

Get SALT Encoding   

  12  0:01  SCV  
  13  0:13  SCV  
  14  0:18  Supply Depot  
  14  0:27  SCV  
  15  0:39  SCV  
  15  0:41  Barracks  
  16  0:51  SCV  
  17  1:03  SCV  
  18  1:04  Refinery  
  18  1:06  Refinery  
  18  1:15  SCV  
  19  1:32  Orbital Command  
  19  1:34  Marine  
  20  1:47  Command Center  
  20  1:55  Barracks Reactor  
  20  2:04  Factory  
  20  2:10  SCV  
  21  2:19  Supply Depot  
  21  2:22  SCV  
  22  2:34  SCV  
  23  2:40  Marine x2  
  25  2:50  SCV, Starport  
  26  2:52  Factory Tech Lab  
  26  3:01  Orbital Command  
  26  3:07  Marine  
  26  3:08  Marine  
  26  3:12  Cyclone  
  31  3:16  SCV  
  32  3:25  Marine  
  33  3:29  Starport Tech Lab  
  33  3:33  Fusion Core  
  33  3:35  SCV x2  
  33  3:38  Marine  
  36  3:43  Marine  
  37  4:01  Marine x2  
  39  4:35  Marine x2  
  41  5:12  Supply Depot  
  41  5:14  Supply Depot x2  
  41  5:15  Supply Depot  
  41  5:34  Battlecruiser  
  47  5:52  Supply Depot  
  47  5:54  Supply Depot  
  47  5:56  Supply Depot  
  47  5:57  Supply Depot  
  47  6:01  Supply Depot  
  47  6:02  Supply Depot x2  
  47  6:31  Supply Depot  
Show
View Real Time Build Order
Export as new Build Order

A.I. 1 (Very Easy) Zerg - Winner!

Build Orders: Pool First 

Get SALT Encoding   

  12  0:00  Drone  
  13  0:12  Overlord  
  13  0:16  Drone  
  14  0:34  Spawning Pool  
  13  0:37  Drone  
  13  0:40  Extractor  
  13  0:44  Drone  
  14  0:52  Overlord  
  14  1:21  Zergling x2  
  14  1:22  Queen  
  17  1:30  Roach Warren  
  16  1:33  Drone  
  16  1:37  Extractor  
  16  1:41  Drone  
  17  1:51  Zergling x2  
  18  2:00  Drone  
  19  2:07  Drone  
  20  2:16  Drone  
  20  2:20  Zergling x2  
  22  2:26  Overlord  
  22  2:30  Drone  
  23  2:38  Drone  
  24  2:45  Drone  
  24  2:49  Roach  
  27  4:13  Zergling x2  
  27  7:36  Roach, Drone  
  30  7:37  Lair  
  30  7:38  Overlord  
  30  7:43  Drone  
  31  7:45  Hatchery  
  31  7:50  Drone  
  26  8:15  Roach  
  28  8:37  Overseer x2  
  28  8:54  Zergling x2  
  29  8:57  Drone  
  30  9:04  Drone  
  30  9:07  Extractor  
  30  9:11  Drone, Extractor  
  30  9:19  Drone  
  31  9:26  Drone  
  32  9:32  Roach  
  32  9:33  Drone  
  35  9:40  Drone  
  35  9:41  Queen  
  36  9:47  Drone  
  36  9:49  Overlord  
  37  9:55  Drone  
  33  10:01  Zergling x2  
  33  10:02  Drone  
  31  10:09  Drone  
  32  10:16  Drone  
  30  10:23  Drone  
  29  10:29  Roach  
  29  10:31  Drone  
  30  10:38  Drone  
  27  10:45  Drone  
  28  10:52  Drone  
  29  10:58  Zergling x2  
  29  10:59  Drone  
  31  11:06  Drone  
  32  11:14  Drone  
  33  11:22  Drone  
Tags
 
League
Master
Matchup
TvZ
Opening
Pool First
Replay Pack
Spawningtool_Mez
Spawn Locations
Cross Positions
Add a new tag
Caveats
  • Supply blocks, unpowered buildings, or Contaminate may cause inaccurate times.
  • Supply counts are checked every 10 seconds.